 Dungeon Crawl Stone Soup version 0.18.1-48-g4cf74bf (webtiles) character file.

28 Heedrag the Conjurer (level 2, -6/15 HPs)
             Began as a Deep Elf Conjurer on July 30, 2016.
             Mangled by Terence
             ... wielding a +0 short sword of flaming
              (7 damage)
             ... on level 1 of the Dungeon.
             The game lasted 00:02:30 (1087 turns).

Heedrag the Conjurer (Deep Elf Conjurer)            Turns: 1087, Time: 00:02:31

Health: -6/15      AC:  2    Str:  5    XL:     2   Next: 96%
Magic:  8/8        EV: 13    Int: 19    God:
Gold:   95         SH:  0    Dex: 15    Spells: 1 memorised, 7 levels left

rFire  . . .     SeeInvis .     g - +0 dagger (venom)
rCold  . . .     Gourm    .     a - +0 robe
rNeg   . . .     Faith    +     (no shield)
rPois  .         Spirit   .     (no helmet)
rElec  .         Dismiss  .     (no cloak)
rCorr  .         Reflect  .     (no gloves)
SustAt .         Harm     .     (no boots)
MR     .....                    r - amulet of faith
Stlth  ++........               (no ring)
                                (no ring)

@: not resistant to hostile enchantments, unstealthy
A: no striking features
a: no special abilities


You were on level 1 of the Dungeon.
You were not hungry.

You visited 1 branch of the dungeon, and saw 2 of its levels.

You collected 95 gold pieces.

Inventory:

Hand Weapons
 g - a +0 dagger of venom (weapon)
Armour
 a - a +0 robe (worn)
 o - a +0 buckler
Jewellery
 r - an amulet of faith (around neck)
Scrolls
 d - a scroll of immolation {unknown}
 e - 2 scrolls of noise {unknown}
 f - a scroll of blinking {unknown}
 k - a scroll of identify {unknown}
 m - a scroll of recharging {unknown}
 p - a scroll of teleportation {unknown}
Potions
 j - a potion of mutation {unknown}
 n - a potion of might {unknown}
 q - a potion of cure mutation {unknown}
Books
 b - a book of Conjurations

   Spells                             Type                      Level
   a - Magic Dart                     Conjuration                  1
   b - Searing Ray                    Conjuration                  2
   c - Dazzling Spray                 Conjuration/Hexes            3
   d - Fulminant Prism                Conjuration/Hexes            4
   e - Iskenderun's Mystic Blast      Conjuration                  4
   f - Iskenderun's Battlesphere      Conjuration/Charms           5
 l - a book of the Earth

   Spells                             Type                      Level
   a - Leda's Liquefaction            Hexes/Earth                  4
   b - Bolt of Magma                  Conjuration/Fire/Earth       5
   c - Statue Form                    Transmutation/Earth          6
   d - Iron Shot                      Conjuration/Earth            6
   e - Shatter                        Earth                        9
Comestibles
 c - 3 bread rations
 i - 2 meat rations


   Skills:
 - Level 2.4 Dodging
 - Level 2.4 Stealth
 + Level 3.7 Spellcasting
 * Level 5.1 Conjurations


You had 7 spell levels left.
You knew the following spells:

 Your Spells              Type           Power        Failure   Level  Hunger
a - Magic Dart            Conj           ###.         1%          1    None


Dungeon Overview and Level Annotations

Branches:
Dungeon (2/15)

Altars:

Annotations:
D:1 Terence


Message History

Unknown command.
Terence misses ye.
Terence says, "Yer history."
Terence says, "Time ta say good-bye..."
Ye hit Terence but do nay damage.
Terence be poison'd.
Terence hits ye but does nay damage.
Ye hit Terence but do nay damage.
Terence be lightly wounded.
Terence hits ye wit' a short sword o' flamin'.
Terence burns ye.
Terence hits ye wit' a short sword o' flamin'.
Terence burns ye.
Terence hits ye wit' a short sword o' flamin'.
* * * LOW HITPOINT WARNIN'
* * * Terence burns ye.
* * * LOW HITPOINT WARNIN'
* * * Ye barely miss Terence.
Terence be severely wounded.
Terence hits ye wit' a short sword o' flamin'!
Ye die...

#...#.......#..#
####..............#
##........)<#......#
###########..........###.....##
............###.......#>......#
##..........# #.............)^#
##..........# #...#.......#...#
............# ##@###.....###..#
.#....(.....# #@.#.......#...#
............# #..............#
##..........## #######.##.#.#.#
#............#### #.##.....#
#.#.#.######....### #.###.####
..#...# ####...# #.##..#
#####.# #######..# #.##.##
#.####.....(.## #.##.###
###.##...####### #.##...#


You could see Terence.

Vanquished Creatures
  2 giant geckos
  A giant cockroach (D:1)
  3 goblins (D:1)
  A hobgoblin (D:1)
  5 jackals
  A ball python (D:1)
  2 bats (D:2)
  3 giant newts (D:1)
  3 kobolds
  3 rats
24 creatures vanquished.

Notes
Turn   | Place    | Note
--------------------------------------------------------------
     0 | D:1      | Heedrag the Deep Elf Conjurer began the quest for the Orb.
     0 | D:1      | Reached XP level 1. HP: 10/10 MP: 6/6
   307 | D:1      | Reached XP level 2. HP: 13/15 MP: 6/8
   670 | D:2      | Reached skill level 5 in Conjurations
  1030 | D:2      | Noticed Terence
  1087 | D:1      | Mangled by Terence

Skill      XL: |  1  2 |
---------------+-------+-----
Conjurations   | 5 |  5.1
Dodging        | |  2.4
Stealth        | |  2.4
Spellcasting   | |  3.7

Action                   || total
-------------------------++-------
Melee: Unarmed           ||    10
       Dagger            ||     5
 Cast: Magic Dart        ||    36
Armor: Robe              ||    11
Dodge: Dodged            ||    23
